 Dungeon Crawl Stone Soup version 0.27-a0-1595-g0b823d0a13 (webtiles) character file.

Game seed: 2385717083180526625

117 Sin92 the Skirmisher (level 4, -10/36 HPs)
             Began as a Demonspawn Fighter on July 20, 2021.
             Killed by divine providence
             ... invoked by an orc priest
              (16 damage)
             ... on level 3 of the Dungeon.
             The game lasted 00:01:33 (2531 turns).

Sin92 the Skirmisher (Demonspawn Fighter)           Turns: 2531, Time: 00:01:34

Health: -10/36     AC: 15    Str: 17    XL:     4   Next: 71%
Magic:  4/4        EV:  5    Int:  9    God:
Gold:   122        SH:  9    Dex: 13    Spells: 3/3 levels left

rFire    . . .     SeeInvis .   a - +2 war axe
rCold    . . .     Faith    .   c - +0 kite shield
rNeg     . . .     Spirit   .   n - +0 plate armour
rPois    .         Reflect  .   (no helmet)
rElec    .         Harm     .   (no cloak)
rCorr    .         Rampage  .   (no gloves)
Will     .....                  (no boots)
Stlth    ..........             (no amulet)
HPRegen  0.12/turn              m - +4 ring of protection
MPRegen  0.09/turn              (no ring)

@: no status effects
A: repulsion field 1, demonic guardian 1, foul stench 1
a: no special abilities


You were on level 3 of the Dungeon.
You visited 1 branch of the dungeon, and saw 3 of its levels.

You collected 122 gold pieces.

Inventory:

Hand Weapons
 a - a +2 war axe (weapon)
Armour
 b - a +0 scale mail
 c - a +0 kite shield (worn)
 n - a +0 plate armour (worn)
Jewellery
 m - a +4 ring of protection (left hand)
Scrolls
 e - 3 scrolls of enchant weapon
 h - 2 scrolls of fog
 j - a scroll of identify
 l - 2 scrolls of immolation
Potions
 d - a potion of might
 f - a potion of heal wounds {unknown}
 i - 2 potions of ambrosia {unknown}


   Skills:
 + Level 3.6 Fighting
 + Level 2.5 Axes
 + Level 3.2 Armour
 + Level 1.5 Dodging
 + Level 3.2 Shields


You had 3 spell levels left.
You didn't know any spells.
Your spell library was empty.

Dungeon Overview and Level Annotations

Branches:
Dungeon (3/15)

Altars:


Innate Abilities, Weirdness & Mutations

You are surrounded by a mild repulsion field. (EV +2)
A weak demonic guardian rushes to your aid.
You may rarely emit foul miasma when damaged in melee.


Message History

There are monsters nearby!
You are too injured to fight recklessly!
Unknown command.
There are monsters nearby!
You are too injured to fight recklessly!
Unknown command.
There are monsters nearby!
You are too injured to fight recklessly!
Unknown command.
There are monsters nearby!
You are too injured to fight recklessly!
You closely miss the orc priest.
The orc priest is moderately wounded.
You slash the quokka!
You kill the quokka!
The orc priest hits you with a +0 mace. You block the orc priest's attack.
Unknown command.
Your plate armour prevents you from hitting the orc priest.
The orc priest is moderately wounded.
You block the orc priest's attack. x2
You barely miss the orc priest.
The orc priest is moderately wounded.
The orc priest casts a cantrip, but nothing happens.
Unknown command.
Unknown command.
You hit the orc priest.
The orc priest is moderately wounded.
The orc priest barely misses you. x2
You closely miss the orc priest.
The orc priest is moderately wounded.
The orc priest hits you with a +0 mace.
You hit the orc priest.
The orc priest is moderately wounded.
The orc priest calls down the wrath of Beogh upon you.
Pain shoots through your body!
* * * LOW HITPOINT WARNING * * *
A demonic guardian appears!
The orc priest mumbles some strange prayers to Beogh against you.
Beogh smites you!
You die...

#..........#
#(.........#
##..........#
............#
.$..........#
#..........#
#.....)o)#
#.....5@)#
#........#
##########


You could see an orc priest (ally target) and a friendly iron imp (summoned).

Vanquished Creatures
  An iguana (D:2)
  2 adders (D:2)
  2 dart slugs (D:1)
  3 orcs (D:3)
  A ball python (D:2)
  2 bats (D:2)
  9 endoplasms
  2 giant cockroaches (D:1)
  5 goblins
  6 hobgoblins
  8 jackals (D:1)
  3 quokkas
  A frilled lizard (D:2)
  4 kobolds
  6 rats
55 creatures vanquished.

Vanquished Creatures (collateral kills)
  A worm (D:2)
  A kobold (D:2)
2 creatures vanquished.

Grand Total: 57 creatures vanquished

Notes
Turn   | Place    | Note
-------+----------+-------------------------------------------
     0 | D:1      | Sin92 the Demonspawn Fighter began the quest for the Orb.
     0 | D:1      | Reached XP level 1. HP: 18/18 MP: 1/1
   137 | D:1      | Found a faded altar of an unknown god.
   142 | D:1      | Gained mutation: You may rarely emit foul miasma when
                  | damaged in melee. [demonic ancestry]
   142 | D:1      | Reached XP level 2. HP: 22/24 MP: 2/2
   631 | D:1      | Gained mutation: You are surrounded by a mild repulsion
                  | field. (EV +2) [demonic ancestry]
   631 | D:1      | Reached XP level 3. HP: 29/29 MP: 3/3
   719 | D:1      | Reached skill level 1 in Dodging
  1216 | D:2      | Gained mutation: A weak demonic guardian rushes to your
                  | aid. [demonic ancestry]
  1216 | D:2      | Reached XP level 4. HP: 5/35 MP: 4/4
  2531 | D:3      | Killed from afar by an orc priest

Illustrated notes

Levels and vault maps discovered:
D:1:      minmay_arrival_shattered_statue, layout_basic,
          hellmonk_ecumenical_altar_run_dry
D:2:      minmay_spotlight, layout_basic
D:3:      layout_rooms, serial_shops, shop, minmay_misc_feat_five,
          grunt_ministairs_9

Skill      XL: |  1  2  3 |
---------------+----------+-----
Axes           | 2 |  2.5
Armour         | 3 |  3.2
Dodging        | 1 |  1.5
Shields        | 3 |  3.2
Fighting       | |  3.6

Action                   |  1- 3 |  4- 6 || total
-------------------------+-------+-------++-------
Melee: War axe           |    79 |    48 ||   127
  Use: Scroll            |       |     6 ||     6
Armor: Scale mail        |    40 |     9 ||    49
       Plate armour      |       |    15 ||    15
Dodge: Dodged            |    35 |    19 ||    54
Block: Kite shield       |    33 |    31 ||    64

Table legend: (Time is in decaauts)
 A = Elapsed time spent in this place.
 B = Non-inter-level travel time spent in this place.
 C = Inter-level travel time spent in this place.
 D = Time resting spent in this place.
 E = Time spent auto-exploring this place.
 F = Levels seen in this place.
 G = Mean time per level.
                   A        B        C        D        E       F      G
               +--------+--------+--------+--------+--------+-----+--------+
         Total |   2609 |   2566 |     43 |    271 |   1933 |   3 |  869.7 |
       Dungeon |   2609 |   2566 |     43 |    271 |   1933 |   3 |  869.7 |
               +--------+--------+--------+--------+--------+-----+--------+

Top non-repeatable levels by time:
     D:2: 1346 daAuts
     D:1: 1243 daAuts
     D:3: 19 daAuts
